 Dungeon Crawl Stone Soup version 0.28-a0-664-gc179e30c89 (webtiles) character file.

Game seed: 4394085077229456282

391 blank1 the Insei (level 7, 0/50 HPs)
             Began as a Djinni Transmuter on Oct 16, 2021.
             Splashed by a jelly's acid (10 damage)
             ... on level 4 of the Dungeon.
             The game lasted 00:12:58 (4601 turns).

blank1 the Insei (Djinni Transmuter)                Turns: 4601, Time: 00:12:59

Health: 0/50       AC:  3    Str: 10    XL:     7   Next: 8%
Gold:   147        EV: 12    Int: 15    God:
                   SH:  0    Dex: 14

rFire   + + .      SeeInvis .   f - +4 rapier
rCold   x . .      Faith    .   (no shield)
rNeg    . . .      Spirit   .   i - +1 leather armour {rPois}
rPois   ∞          Reflect  .   b - +2 hat
rElec   .          Harm     .   g - +0 cloak
rCorr   .          Rampage  .   (no gloves)
Will    .....                   (boots unavailable)
Stlth   +.........              c - amulet of the acrobat
HPRegen 0.16/turn               (no ring)
MPRegen 0.00/turn               (no ring)

@: corroded, flying
A: sickness immunity, fire resistance 2, cold vulnerability 1, float, innate
caster, hp casting, extra vitality 1
a: no special abilities


You were on level 4 of the Dungeon.
You visited 1 branch of the dungeon, and saw 4 of its levels.

You collected 147 gold pieces.

Inventory:

Hand Weapons
 f - a +4 rapier (weapon)
 o - a +0 hand axe of flaming
Armour
 b - a +2 hat (worn)
 g - a +0 cloak (worn)
 i - a +1 leather armour of poison resistance (worn)
Jewellery
 c - an amulet of the acrobat (around neck)
 q - an amulet of reflection
Wands
 d - a wand of iceblast (7)
 m - a wand of flame (23)
Scrolls
 e - a scroll of holy word {unknown}
 h - 2 scrolls of amnesia {unknown}
 j - a scroll of fear {unknown}
 k - a scroll of torment {unknown}
 n - a scroll of magic mapping {unknown}
 p - a scroll of enchant weapon {unknown}
Potions
 a - a potion of heal wounds
 l - a potion of attraction


   Skills:
 + Level 3.6 Fighting
 + Level 1.7 Short Blades
 + Level 3.7 Dodging
 - Level 4.0 Unarmed Combat
 - Level 3.0 Spellcasting


You couldn't memorise any spells.
You knew the following spells:

 Your Spells              Type           Power      Damage    Failure   Level
a - Beastly Appendage     Tmut           22%        N/A       8%          1
b - Wereblood             Tmut           11%        N/A       12%         2
c - Spider Form           Tmut/Pois      5%         N/A       24%         3
d - Ice Form              Ice/Tmut       11%        N/A       61%         4
e - Pain                  Necr           44%        1d6       8%          1
f - Call Imp              Summ           11%        N/A       12%         2
g - Gell's Gravitas       Tloc           5%         N/A       24%         3
Your spell library was empty.

Dungeon Overview and Level Annotations

Branches:
Dungeon (4/15)
 Temple: D:4-7

Altars:
Kikubaaqudgha
Sif Muna
Zin

Shops:
D:1 *   D:2 (


Innate Abilities, Weirdness & Mutations

You are immune to sickness and miasma.
You are immune to poison.
Your flesh is very heat resistant. (rF++)
You are vulnerable to cold. (rC-)
You float through the air rather than walking.
You learn spells naturally, not from books.
Your magical power is your life essence.
You have superior vitality. (+4 HP)


Message History

The ogre is heavily wounded.
You bite the ogre!
The ogre is poisoned.
The ogre is severely wounded.
The ogre barely misses you.
You hit the ogre but do no damage.
The ogre is severely wounded.
The ogre misses you.
You hit the ogre but do no damage.
The ogre is severely wounded.
The ogre completely misses you.
You hit the ogre but do no damage.
The ogre looks as sick as possible!
The ogre is almost dead.
The jelly misses you.
You hit the ogre.
You kill the ogre!
The jelly completely misses you.
Training target 3.0 for Spellcasting reached!
Your Spellcasting skill increases to level 3!
You have reached level 7!
The power to cast Gell's Gravitas wells up from within.
Spell assigned to 'g'.
Your transformation is almost over.
Things that are here:
a giant cockroach corpse; a hobgoblin skeleton; a hobgoblin skeleton Your transformation has ended.
Your +4 rapier unmelds from your body.
Your +0 cloak unmelds from your body.
Your +2 hat unmelds from your body.
Your +1 leather armour of poison resistance unmelds from your body.
You hit the jelly.
Your hands burn!
* * * LOW HITPOINT WARNING * * *
The jelly is moderately wounded.
The jelly barely misses you.
You puncture the jelly! The acid corrodes you!
Your hands burn!
* * * LOW HITPOINT WARNING * * *
The jelly is almost dead.
The jelly jiggles.
The jelly hits you.
* * * LOW HITPOINT WARNING * * *
You are splashed with acid!
You die...

#.. #.# # ##.## .#
###...##.. ###### #.......
.... #:#...# #.########.#
###.#...########..........#
### ...†............@J..#
#..# ...
....#...#####.#####.# #..#
... ######.......#.# #.#
#..#..# ########.## #.#
#..#..# .# #.# #.....# .#
#.####..:.# .# #.#.......#
.# #†#.##.)#.# .#
#.#.####...


You could see a jelly.

Vanquished Creatures
  A black bear (D:4)
  An ogre (D:4)
  A kobold brigand (D:3)
  A jelly (D:4)
  Ijyb (D:3)
  3 adders
  2 adder skeletons (D:4)
  A worm (D:2)
  6 orcs
  8 ball pythons
  6 endoplasms
  A giant cockroach (D:4)
  4 goblins
  5 hobgoblins
  A jackal (D:1)
  2 kobolds
  3 quokkas
  5 bats
  3 frilled lizards
  5 rats
60 creatures vanquished.

Notes
Turn   | Place    | Note
-------+----------+-------------------------------------------
     0 | D:1      | blank1 the Djinni Transmuter began the quest for the Orb.
     0 | D:1      | Reached XP level 1. HP: 17/17 MP: 0/0
    20 | D:1      | Found a faded altar of an unknown god.
   637 | D:1      | Reached XP level 2. HP: 15/22 MP: 0/0
  1203 | D:1      | Found Qiorusueck's Assorted Antiques.
  1613 | D:1      | Reached XP level 3. HP: 25/27 MP: 0/0
  1613 | D:1      | Learned a level 1 spell: Pain
  1617 | D:1      | HP: 1/27 [frozen (7)]
  2210 | D:2      | Found Nuwn's Weapon Shoppe.
  2716 | D:2      | Found a glowing silver altar of Zin.
  3020 | D:3      | Reached XP level 4. HP: 31/33 MP: 0/0
  3436 | D:3      | Noticed a kobold brigand
  3449 | D:3      | Killed a kobold brigand
  3450 | D:3      | Reached skill level 4 in Unarmed Combat
  3450 | D:3      | Reached XP level 5. HP: 25/40 MP: 0/0
  3450 | D:3      | Learned a level 2 spell: Call Imp
  3629 | D:3      | Noticed Ijyb
  3645 | D:3      | Killed Ijyb
  4133 | D:4      | Noticed a black bear
  4143 | D:4      | Killed a black bear
  4144 | D:4      | Reached skill level 1 in Short Blades
  4144 | D:4      | Reached XP level 6. HP: 33/46 MP: 0/0
  4571 | D:4      | Noticed an ogre
  4583 | D:4      | Killed an ogre
  4584 | D:4      | Reached XP level 7. HP: 13/50 MP: 0/0
  4584 | D:4      | Learned a level 3 spell: Gell's Gravitas
  4601 | D:4      | Splashed by a jelly's acid

Illustrated notes

Levels and vault maps discovered:
D:1:      lightli_arrival_noodles, layout_basic, serial_shops,
          nicolae_shop_trees, hellmonk_ecumenical_altar_run_dry,
          minmay_heptomino_l4
D:2:      layout_basic, serial_shops, shop, basic_altar
D:3:      layout_rooms, nicolae_kikubaaqudgha_miasma_corner,
          nicolae_overflow_crystal_walls, minmay_vboxes, uniq_ijyb
D:4:      layout_loops_ring, tso_altar, minmay_temple_entry_sparse_star,
          uniq_duvessa

Skill      XL: |  1  2  3  4  5  6 |
---------------+-------------------+-----
Spellcasting   | 2 3 |  3.0
Fighting       | 2 3 |  3.6
Dodging        | 3 |  3.7
Unarmed Combat | 4 |  4.0
Short Blades   | 1 |  1.7

Action                   |  1- 3 |  4- 6 |  7- 9 || total
-------------------------+-------+-------+-------++-------
Melee: Unarmed           |   126 |    78 |       ||   204
       Headbutt          |     6 |     1 |       ||     7
       Punch             |     2 |     1 |       ||     3
       Rapier            |       |    13 |     2 ||    15
 Cast: Beastly Appendage |    15 |     2 |       ||    17
       Spider Form       |     2 |     7 |       ||     9
       Pain              |     1 |     2 |       ||     3
       Call Imp          |       |     2 |       ||     2
  Use: Scroll            |     3 |     2 |       ||     5
 Stab: Sleeping          |     1 |       |       ||     1
Armor: Robe              |     5 |       |       ||     5
       Leather armour    |    20 |    10 |       ||    30
       Skin              |     3 |     3 |       ||     6
Dodge: Dodged            |    92 |    69 |     1 ||   162

Table legend: (Time is in decaauts)
 A = Elapsed time spent in this place.
 B = Non-inter-level travel time spent in this place.
 C = Inter-level travel time spent in this place.
 D = Time resting spent in this place.
 E = Time spent auto-exploring this place.
 F = Levels seen in this place.
 G = Mean time per level.
                   A        B        C        D        E       F      G
               +--------+--------+--------+--------+--------+-----+--------+
         Total |   4591 |   4415 |    176 |   1430 |   2312 |   4 | 1147.8 |
       Dungeon |   4591 |   4415 |    176 |   1430 |   2312 |   4 | 1147.8 |
               +--------+--------+--------+--------+--------+-----+--------+

Top non-repeatable levels by time:
     D:1: 2040 daAuts
     D:3: 1040 daAuts
     D:2: 889 daAuts
     D:4: 621 daAuts
